Map: Ephemeron LE

Players

MаXGrig - Winner!

  • Race: Terran Terran
  • League: Diamond
  • Spawn Location: 11:00

A.I. 1 (Elite)

  • Race: Zerg Zerg
  • Spawn Location: 5:00

VOD

Have the link to the VOD?

Description

Time

  • Played on: Jan. 6, 2020, 6:35 a.m.
  • Length: 9:34
Show
View Real Time Build Order
Export as new Build Order

MаXGrig Terran - Winner!

Build Orders: Reaper Expand 

Get SALT Encoding   

  12  0:00  SCV  
  13  0:12  SCV  
  14  0:17  Supply Depot  
  14  0:26  SCV  
  15  0:39  SCV  
  15  0:40  Barracks  
  16  0:46  Refinery  
  16  0:51  SCV  
  17  1:03  SCV  
  18  1:15  SCV  
  19  1:27  Orbital Command  
  19  1:29  Reaper  
  20  1:38  Command Center  
  20  1:48  Supply Depot  
  20  1:53  SCV  
  21  1:57  Refinery  
  21  2:01  Marine  
  22  2:05  SCV  
  23  2:10  Factory  
  23  2:17  SCV  
  23  2:21  Barracks Reactor  
  24  2:30  SCV  
  25  2:42  SCV  
  26  2:50  Orbital Command  
  26  2:54  SCV  
  26  2:56  Widow Mine  
  26  2:57  Marine  
  26  2:58  Marine, Engineering Bay  
  31  3:06  SCV  
  32  3:16  Marine x2  
  32  3:17  Factory Tech Lab  
  32  3:18  SCV x2  
  36  3:26  Barracks  
  36  3:27  Supply Depot  
  36  3:30  SCV x2  
  36  3:31  Terran Infantry Weapons Level 1  
  38  3:35  Marine x2  
  38  3:41  Cyclone  
  43  3:43  SCV  
  43  3:45  SCV  
  45  3:49  Supply Depot  
  45  3:53  Marine x2  
  45  3:55  SCV  
  48  3:57  SCV  
  49  4:07  SCV  
  49  4:09  SCV  
  51  4:11  Marine x2  
  51  4:12  Supply Depot  
  52  4:20  Starport  
  52  4:21  Marine, Stimpack  
  52  4:22  Factory Reactor  
  54  4:24  SCV x2  
  54  4:31  Marine x2  
  56  4:35  Supply Depot  
  56  4:36  SCV  
  56  4:38  SCV  
  59  4:39  Marine  
  60  4:48  SCV  
  60  4:49  Marine x2  
  60  4:50  SCV, Command Center  
  64  5:00  Marine, SCV  
  64  5:03  Medivac, Factory Tech Lab  
  64  5:04  Medivac  
  70  5:08  SCV  
  70  5:11  Refinery  
  70  5:12  SCV  
  72  5:15  Supply Depot  
  72  5:19  Marine x3  
  72  5:20  SCV  
  76  5:24  Barracks  
  76  5:28  Terran Infantry Armor Level 1  
  76  5:37  Marine, Siege Tank  
  80  5:43  SCV x2  
  80  5:47  Supply Depot  
  82  5:51  Marine x2  
  82  5:52  Refinery  
  82  5:53  Medivac  
  82  5:55  Supply Depot  
  86  6:00  Supply Depot  
  86  6:01  Medivac, Marine, SCV  
  90  6:09  Marine, Orbital Command  
  91  6:20  Marine  
  91  6:22  Barracks Reactor  
  92  6:28  Combat Shield  
  92  6:29  Marine x2  
  94  6:38  Supply Depot, Marine  
  95  6:41  Orbital Command  
  95  6:42  Siege Tank  
  95  6:44  Medivac  
  95  6:45  Medivac  
  100  7:15  Marine x5  
  102  7:16  Siege Tank  
  102  7:17  Medivac x2  
  112  7:30  Armory  
  112  7:33  Marine x3  
  112  7:35  Barracks  
  115  7:40  SCV x3  
  118  7:52  SCV x3  
  118  7:57  Barracks  
  121  8:01  Siege Tank  
  121  8:04  SCV x3  
  124  8:10  Marine x5  
  124  8:11  Medivac x2  
  133  8:23  SCV  
  129  8:27  Marine  
  119  8:39  Marine x3  
  119  8:41  Barracks Reactor  
  122  8:42  Medivac x2, Siege Tank  
  129  8:50  Marine x2  
  131  8:56  SCV x2  
  133  9:11  Barracks Reactor  
Show
View Real Time Build Order
Export as new Build Order

A.I. 1 (Elite) Zerg 

Build Orders: Hatch First 

Get SALT Encoding   

  12  0:00  Drone  
  13  0:12  Overlord  
  13  0:17  Drone  
  14  0:30  Drone x2  
  14  0:34  Drone  
  17  0:53  Hatchery  
  17  0:55  Drone  
  17  1:11  Spawning Pool  
  17  1:12  Extractor  
  17  1:15  Drone  
  16  1:19  Drone  
  16  1:23  Drone  
  18  1:27  Drone  
  19  1:38  Overlord  
  19  1:49  Drone  
  20  1:57  Queen  
  20  1:59  Zergling x2  
  23  2:05  Drone  
  24  2:11  Queen  
  26  2:17  Drone  
  27  2:30  Roach Warren  
  27  2:32  Drone, Extractor  
  27  2:35  Drone  
  26  2:39  Drone  
  27  2:45  Overlord  
  27  2:48  Drone  
  29  2:51  Drone  
  29  2:55  Drone  
  29  2:57  Drone  
  31  3:01  Drone  
  31  3:05  Zergling x2  
  33  3:07  Zergling x2  
  33  3:12  Roach  
  36  3:16  Roach  
  40  3:20  Roach  
  40  3:23  Roach  
  40  3:25  Drone  
  43  3:28  Drone  
  43  3:33  Overlord  
  44  3:40  Lair  
  44  3:45  Metabolic Boost  
  44  3:49  Overlord  
  44  3:52  Drone  
  44  3:54  Drone  
  46  3:57  Drone  
  46  3:59  Zergling x2  
  46  4:01  Zergling x2  
  49  4:03  Zergling x2  
  50  4:10  Drone, Evolution Chamber  
  50  4:14  Evolution Chamber  
  50  4:15  Drone  
  50  4:17  Drone  
  50  4:19  Drone  
  50  4:22  Drone  
  50  4:24  Drone  
  54  4:36  Zerg Missile Weapons Level 1  
  54  4:40  Zerg Ground Armor Level 1  
  54  4:41  Hydralisk Den, Drone  
  54  4:43  Overlord  
  54  4:46  Roach  
  54  4:49  Roach  
  58  5:03  Overlord  
  58  5:06  Drone, Extractor  
  58  5:07  Drone  
  58  5:09  Drone  
  58  5:10  Hydralisk  
  58  5:11  Drone, Hydralisk x2  
  67  5:20  Hydralisk  
  69  5:21  Drone, Roach  
  69  5:23  Overlord  
  69  5:25  Drone  
  69  5:26  Drone  
  75  5:28  Drone  
  75  5:30  Drone  
  76  5:41  Hydralisk, Drone, Overlord, Roach  
  81  5:43  Drone  
  81  5:45  Drone  
  81  5:47  Drone  
  84  5:59  Hydralisk, Overlord  
  84  6:00  Drone x2  
  88  6:07  Ravager  
  88  6:08  Baneling Nest  
  88  6:09  Drone  
  88  6:10  Evolution Chamber  
  88  6:11  Roach  
  90  6:12  Drone  
  90  6:15  Drone  
  68  6:30  Zerg Melee Weapons Level 1  
  68  6:31  Hatchery  
  67  6:36  Drone  
  67  6:38  Drone  
  69  6:41  Drone  
  69  6:44  Drone  
  69  6:46  Drone  
  72  6:48  Drone  
  72  6:52  Drone  
  72  6:53  Baneling  
  74  6:56  Overlord  
  74  7:01  Overlord  
  74  7:05  Overlord  
  73  7:20  Spawning Pool  
  71  7:23  Drone  
  71  7:24  Baneling  
  71  7:25  Baneling x2  
  71  7:27  Ravager, Overlord  
  71  7:29  Drone  
  74  7:32  Drone  
  74  7:37  Overseer  
  75  7:45  Drone, Overlord  
  75  7:46  Drone x2, Roach  
  75  7:47  Drone  
  75  7:50  Drone  
  82  7:51  Drone  
  83  8:03  Drone, Overlord  
  83  8:04  Drone  
  85  8:06  Drone  
  85  8:09  Drone  
  87  8:13  Baneling x3  
  87  8:14  Baneling  
  87  8:15  Baneling  
  87  8:17  Zergling x2  
  87  8:19  Zergling x2  
  89  8:22  Roach, Zergling x4  
  82  8:27  Drone  
  82  8:31  Roach  
  58  8:34  Overseer  
  58  8:37  Queen  
  58  8:38  Roach  
  54  8:42  Zergling x2  
  53  8:49  Zergling x2  
  53  8:52  Hatchery  
  30  9:08  Zergling x2  
  28  9:15  Zergling x2  
  28  9:17  Hatchery  
  28  9:19  Baneling Nest  
Tags
 
Add a new tag
Caveats
  • Supply blocks, unpowered buildings, or Contaminate may cause inaccurate times.
  • Supply counts are checked every 10 seconds.